 Dungeon Crawl Stone Soup version 0.21.1-1-g345015f (webtiles) character file.

496 tidbits the Sneak (level 7, 0/50 HPs)
             Began as a Gnoll Enchanter on June 6, 2018.
             Slain by a leopard gecko (2 damage)
             ... in a sewer.
             The game lasted 00:05:47 (643 turns).

tidbits the Sneak (Gnoll Enchanter)                  Turns: 643, Time: 00:05:48

Health: 0/50       AC:  2    Str: 10    XL:     7   Next: 15%
Magic:  3/24       EV: 15    Int: 20    God:
Gold:   161        SH:  0    Dex: 15    Spells: 8/17 levels left

rFire    . . .     SeeInvis .   a - +1 dagger
rCold    . . .     Gourm    .   (no shield)
rNeg     . . .     Faith    .   b - +0 robe
rPois    .         Spirit   .   (no helmet)
rElec    .         Reflect  .   (no cloak)
rCorr    .         Harm     .   (no gloves)
MR       .....                  (no boots)
Stlth    +++.......             (no amulet)
HPRegen  0.16/turn              h - ring of magical power
MPRegen  0.19/turn              (no ring)

@: no status effects
A: distributed training, fangs 1, strong nose
a: no special abilities


You were in a sewer.
You were not hungry.

You visited 1 branch of the dungeon, and saw 6 of its levels.
You also visited: Sewer.

You collected 161 gold pieces.

Inventory:

Hand Weapons
 a - a +1 dagger (weapon)
Missiles
 f - 16 arrows
 g - 37 bolts
Armour
 b - a +0 robe (worn)
Jewellery
 h - a ring of magical power (left hand)
   (You found it on level 5 of the Dungeon)
Scrolls
 j - a scroll of remove curse {unknown}
 l - a scroll of identify {unknown}
Potions
 e - a potion of lignification
 k - a potion of magic {unknown}
 m - a potion of might {unknown}
Books
 d - a book of Maledictions

   Spells                             Type                      Level
   a - Corona                         Hexes                        1
   b - Ensorcelled Hibernation        Hexes/Ice                    2
   c - Confuse                        Hexes                        3
   d - Tukima's Dance                 Hexes                        3
   e - Dazzling Spray                 Conjuration/Hexes            3
Comestibles
 c - 5 rations


   Skills:
 + Level 2.2 Fighting
 + Level 3.4 Short Blades
 + Level 2.2 Long Blades
 + Level 2.2 Axes
 + Level 2.2 Maces & Flails
 + Level 2.2 Polearms
 + Level 2.2 Staves
 + Level 2.2 Slings
 + Level 2.2 Bows
 + Level 2.2 Crossbows
 + Level 2.2 Throwing
 + Level 2.2 Armour
 + Level 5.1 Dodging
 + Level 6.4 Stealth
 + Level 2.2 Shields
 + Level 2.2 Unarmed Combat
 + Level 5.5 Spellcasting
 + Level 1.8 Conjurations
 + Level 5.7 Hexes
 + Level 1.8 Charms
 + Level 1.8 Summonings
 + Level 1.8 Necromancy
 + Level 1.8 Translocations
 + Level 1.8 Transmutations
 + Level 1.8 Fire Magic
 + Level 1.8 Ice Magic
 + Level 1.8 Air Magic
 + Level 1.8 Earth Magic
 + Level 1.8 Poison Magic
 + Level 2.5 Invocations
 + Level 2.2 Evocations


You had 8 spell levels left.
You knew the following spells:

 Your Spells              Type           Power        Failure   Level  Hunger
a - Corona                Hex            ####...      1%          1    None
c - Confuse               Hex            ####....     3%          3    ##.....
d - Dazzling Spray        Conj/Hex       ###...       7%          3    ##.....
e - Ensorcelled Hibernat  Hex/Ice        ###...       3%          2    None


Dungeon Overview and Level Annotations

Branches:
Dungeon (6/15)
 Temple: D:4-7

Altars:


Innate Abilities, Weirdness & Mutations

Your experience applies equally to all skills.
You have very sharp teeth.
Your uncanny sense of smell can sniff out nearby items.


Message History

2 orcs and an orc warrior come into view.
You feel a little less agile now.
There is a stone staircase leading up here.
You climb upwards.
You hear the sound of rushing water.
There is an entrance to a sewer on this level.
Hurry and find it before the portal rusts away!
The ice beast closely misses you.
There is a stone staircase leading down here.
Casting: Ensorcelled Hibernation
Confirm with . or Enter, or press ? or * to list all spells.
Aiming: Confuse
Press: ? - help, Shift-Dir - straight line, f - ice beast
Aim: an ice beast (chance to defeat MR: 57%)
The ice beast resists with significant effort.
The ice beast hits you.
* * * LOW HITPOINT WARNING * * *
The ice beast freezes you!
* * * LOW HITPOINT WARNING * * *
The giant cockroach bites you but does no damage.
The giant cockroach bites you but does no damage.
Casting: Confuse
Confirm with . or Enter, or press ? or * to list all spells.
Aiming: Confuse
Press: ? - help, Shift-Dir - straight line, f/p - ice beast
Aim: an ice beast (chance to defeat MR: 57%)
The ice beast appears confused.
You hit the ice beast but do no damage.
The giant cockroach completely misses you.
You hit the ice beast. Your bite misses the ice beast.
The ice beast is lightly wounded.
The giant cockroach barely misses you.
You catch the helpless ice beast completely off-guard!
You puncture the ice beast! Your bite misses the ice beast.
The ice beast is heavily wounded.
The giant cockroach misses you.
You completely miss the ice beast.
The ice beast is heavily wounded.
The giant cockroach closely misses you. The ice beast barely misses you.
You hit the ice beast.
The ice beast is severely wounded.
The giant cockroach closely misses you.
You catch the helpless ice beast completely off-guard!
You puncture the ice beast!
You kill the ice beast!
You have reached level 7!
The giant cockroach closely misses you.
Casting: Confuse
Confirm with . or Enter, or press ? or * to list all spells.
Aiming: Ensorcelled Hibernation
Press: ? - help, Shift-Dir - straight line, f - giant cockroach
Aim: a giant cockroach (clinging, chance to defeat MR: 67%)
The giant cockroach looks drowsy...
The helpless giant cockroach fails to defend itself.
You stick the giant cockroach like a pincushion!!!
You kill the giant cockroach!
There is an open door here.
You enter the shallow water.
Moving in this stuff is going to be slow.
There is a glowing drain here.
You hear the slow rusting of a drain.
The world spins around you as you enter the gateway.
You enter a sewer!
Found a gate leading back out of this place.
There is an empty arch of ancient stone here.
Unknown command.
You enter the shallow water.
Moving in this stuff is going to be slow.
There is an empty arch of ancient stone here.
A ball python comes into view.
The ball python hisses angrily.
You enter the shallow water.
Moving in this stuff is going to be slow.
An ooze comes into view.
A leopard gecko comes into view.
You completely miss the ball python. The ball python misses you. x2
Casting: Ensorcelled Hibernation
Confirm with . or Enter, or press ? or * to list all spells.
Aiming: Ensorcelled Hibernation
Press: ? - help, Shift-Dir - straight line, f - ball python
Aim: a ball python (chance to defeat MR: 67%)
The ball python struggles to resist.
The leopard gecko hisses angrily.
The ball python misses you. The ball python grabs you.
The ball python constricts you.
You hit the ball python.
You kill the ball python!
You hit the leopard gecko.
You bite the leopard gecko, but do no damage.
The leopard gecko is severely wounded.
The leopard gecko bites you.
* * * LOW HITPOINT WARNING * * *
The leopard gecko bites you.
* * * LOW HITPOINT WARNING * * *
You closely miss the leopard gecko.
The leopard gecko is severely wounded.
The leopard gecko completely misses you.
You miss the leopard gecko.
The leopard gecko is severely wounded.
The leopard gecko bites you.
You die...

#≈≈≈
#.≈#
#≈≈#
#≈≈#
#≈≈#
#≈J#
#≈l#
#≈@#
#.≈#
##.##
#..#
#∩.#
#..##
##.≈#
#≈≈#
##∩#


You could see an ooze and a leopard gecko.

Vanquished Creatures
  Duvessa (D:5)
  A sky beast (D:5)
  An ice beast (D:5)
  Dowan (D:5)
  A scorpion (D:5)
  A bullfrog zombie (D:5)
  2 worker ants (D:5)
  2 adders (D:5)
  2 dart slugs (D:1)
  A leopard gecko (D:1)
  3 giant cockroaches
  2 goblins (D:1)
  2 hobgoblins (D:1)
  2 jackals (D:1)
  A quokka (D:5)
  A ball python (Sewer)
  A kobold (D:1)
  A rat (D:1)
26 creatures vanquished.

Notes
Turn   | Place    | Note
-------+----------+-------------------------------------------
     0 | D:1      | tidbits the Gnoll Enchanter began the quest for the Orb.
     0 | D:1      | Reached XP level 1. HP: 13/13 MP: 6/6
    64 | D:1      | Reached XP level 2. HP: 6/19 MP: 2/7
    68 | D:1      | Learned a level 2 spell: Ensorcelled Hibernation
   358 | D:5      | Entered Level 5 of the Dungeon
   362 | D:5      | Reached skill level 6 in Stealth
   362 | D:5      | Reached skill level 5 in Spellcasting
   362 | D:5      | Reached skill level 1 in Invocations
   362 | D:5      | Reached XP level 3. HP: 25/25 MP: 7/9
   367 | D:5      | Learned a level 3 spell: Confuse
   371 | D:5      | Learned a level 3 spell: Dazzling Spray
   379 | D:5      | Noticed a sky beast
   382 | D:5      | Killed a sky beast
   382 | D:5      | Reached skill level 1 in Fighting
   382 | D:5      | Reached skill level 1 in Long Blades
   382 | D:5      | Reached skill level 1 in Axes
   382 | D:5      | Reached skill level 1 in Maces & Flails
   382 | D:5      | Reached skill level 1 in Polearms
   382 | D:5      | Reached skill level 1 in Staves
   382 | D:5      | Reached skill level 1 in Slings
   382 | D:5      | Reached skill level 1 in Bows
   382 | D:5      | Reached skill level 1 in Crossbows
   382 | D:5      | Reached skill level 1 in Throwing
   382 | D:5      | Reached skill level 1 in Armour
   382 | D:5      | Reached skill level 1 in Shields
   382 | D:5      | Reached skill level 1 in Unarmed Combat
   382 | D:5      | Reached skill level 1 in Conjurations
   382 | D:5      | Reached skill level 1 in Charms
   382 | D:5      | Reached skill level 1 in Summonings
   382 | D:5      | Reached skill level 1 in Necromancy
   382 | D:5      | Reached skill level 1 in Translocations
   382 | D:5      | Reached skill level 1 in Transmutations
   382 | D:5      | Reached skill level 1 in Fire Magic
   382 | D:5      | Reached skill level 1 in Ice Magic
   382 | D:5      | Reached skill level 1 in Air Magic
   382 | D:5      | Reached skill level 1 in Earth Magic
   382 | D:5      | Reached skill level 1 in Poison Magic
   382 | D:5      | Reached skill level 1 in Evocations
   382 | D:5      | Reached XP level 4. HP: 32/32 MP: 11/11
   382 | D:5      | Reached XP level 5. HP: 37/37 MP: 12/12
   399 | D:5      | Found a glowing drain.
   409 | D:5      | Noticed Duvessa
   411 | D:5      | Noticed Dowan
   422 | D:5      | Killed Duvessa
   422 | D:5      | Reached skill level 3 in Short Blades
   422 | D:5      | Reached XP level 6. HP: 36/44 MP: 1/13
   423 | D:5      | Killed Dowan
   423 | D:5      | Reached skill level 2 in Invocations
   518 | D:5      | Reached skill level 2 in Fighting
   518 | D:5      | Reached skill level 2 in Long Blades
   518 | D:5      | Reached skill level 2 in Axes
   518 | D:5      | Reached skill level 2 in Maces & Flails
   518 | D:5      | Reached skill level 2 in Polearms
   518 | D:5      | Reached skill level 2 in Staves
   518 | D:5      | Reached skill level 2 in Slings
   518 | D:5      | Reached skill level 2 in Bows
   518 | D:5      | Reached skill level 2 in Crossbows
   518 | D:5      | Reached skill level 2 in Throwing
   518 | D:5      | Reached skill level 2 in Armour
   518 | D:5      | Reached skill level 5 in Dodging
   518 | D:5      | Reached skill level 2 in Shields
   518 | D:5      | Reached skill level 2 in Unarmed Combat
   518 | D:5      | Reached skill level 2 in Evocations
   548 | D:5      | Noticed an ice beast
   592 | D:6      | Noticed an orc warrior
   603 | D:5      | HP: 4/44 [ice beast (11)]
   618 | D:5      | Killed an ice beast
   618 | D:5      | Reached XP level 7. HP: 7/50 MP: 2/15
   627 | Sewer    | Entered a sewer
   641 | Sewer    | HP: 2/50 [leopard gecko (5)]
   643 | Sewer    | Slain by a leopard gecko

Skill      XL: |  1  2  3  4  5  6 |
---------------+-------------------+-----
Stealth        | 6 |  6.4
Spellcasting   | 5 |  5.5
Invocations    | 1 2 |  2.5
Fighting       | 1 2 |  2.2
Long Blades    | 1 2 |  2.2
Axes           | 1 2 |  2.2
Maces & Flails | 1 2 |  2.2
Polearms       | 1 2 |  2.2
Staves         | 1 2 |  2.2
Slings         | 1 2 |  2.2
Bows           | 1 2 |  2.2
Crossbows      | 1 2 |  2.2
Throwing       | 1 2 |  2.2
Armour         | 1 2 |  2.2
Shields        | 1 2 |  2.2
Unarmed Combat | 1 2 |  2.2
Conjurations   | 1 |  1.8
Charms         | 1 |  1.8
Summonings     | 1 |  1.8
Necromancy     | 1 |  1.8
Translocations | 1 |  1.8
Transmutations | 1 |  1.8
Fire Magic     | 1 |  1.8
Ice Magic      | 1 |  1.8
Air Magic      | 1 |  1.8
Earth Magic    | 1 |  1.8
Poison Magic   | 1 |  1.8
Evocations     | 1 2 |  2.2
Short Blades   | 3 |  3.4
Dodging        | 5 |  5.1
Hexes          | |  5.7

Action                   |  1- 3 |  4- 6 |  7- 9 || total
-------------------------+-------+-------+-------++-------
Melee: Dagger            |    23 |    46 |     6 ||    75
       Bite              |       |     4 |     1 ||     5
       Unarmed           |       |     1 |       ||     1
 Cast: Corona            |     6 |     3 |       ||     9
       Confuse           |       |     7 |       ||     7
       Ensorcelled Hiber |       |     6 |     2 ||     8
       Dazzling Spray    |       |     1 |       ||     1
  Use: Potion            |       |     3 |       ||     3
 Stab: Sleeping          |     9 |     5 |     1 ||    15
       Confused          |       |     3 |       ||     3
       Invisible         |       |     1 |       ||     1
Armor: Robe              |     2 |     4 |       ||     6
       Skin              |       |     1 |       ||     1
Dodge: Dodged            |     8 |    42 |     5 ||    55

Table legend:
 A = Turns spent in this place as a percentage of turns spent in the entire game.
 B = Non-inter-level travel turns spent in this place as a percentage of non-inter-level travel turns spent in the entire game.
 C = Inter-level travel turns spent in this place as a percentage of turns spent in this place.
 D = Turns resting spent in this place as a percentage of non-inter-level travel turns spent in this place.
 E = Turns spent auto-exploring this place as a percentage of non-inter-level travel turns spent in this place.
 F = Non-inter-level travel turns spent in this place divided by the number of levels of this place that you've seen.
                   A       B       C       D       E      F
               +-------+-------+-------+-------+-------+----------------------
         Total | 100.0 | 100.0 |   0.0 |   0.0 |   0.0 |  91.9
       Dungeon |  97.5 |  97.5 |   0.0 |   0.0 |   0.0 | 104.5
         Sewer |   2.5 |   2.5 |   0.0 |   0.0 |   0.0 |  16.0
               +-------+-------+-------+-------+-------+----------------------

Table legend:
 A = Kills in this place as a percentage of kills in entire the game.
 B = Kills by you in this place as a percentage of kills by you in the entire game.
 C = Kills by friends in this place as a percentage of kills by friends in the entire game.
 D = Other kills in this place as a percentage of other kills in the entire game.
 E = Experience gained in this place as a percentage of experience gained in the entire game.
 F = Experience gained in this place divided by the number of levels of this place that you have seen.
                   A       B       C       D       E      F
               +-------+-------+-------+-------+-------+----------------------
         Total | 100.0 | 100.0 |   N/A |   N/A | 100.0 | 101.3
       Dungeon |  96.2 |  96.2 |   N/A |   N/A |  99.9 | 118.0
         Sewer |   3.8 |   3.8 |   N/A |   N/A |   0.1 |   1.0
               +-------+-------+-------+-------+-------+----------------------

Vault maps used:
D:1:      minmay_arrival_shattered_statue
D:2:      nicolae_overflow_hidden_temple
D:3:      nemelex_xobeh_ov_fountains_minmay, lemuel_crystal_altar,
          minmay_misc_feat_nine_boxes
D:4:      kennysheep_mini, moated_statue
D:5:      first_ration, gup_sewer_entry_glass, kennysheep_generic_room_2,
          uniq_grinder, uniq_duvessa
D:6:      lemuel_ratsnest, uniq_prince_ribbit1
Sewer:    sewer_frog_island_02
